AoeStats
← toomuchdog

MegaRandom

509273846Analyzed
3v3 RM · 7d ago on Sep 26, 2026· 53m 22s· 6 players
Game mode
Random Map
Map size
Normal (6 player)
Population
200
Speed
Normal
Resources
Standard
Victory
Conquest
Starting age
Dark Age
Ending age
Imperial Age
RankedLock teamsTeams togetherTeam positionsShared explorationLock speedFull tech treeHidden civsTurbo modeCheats
Victory
Defeat
🇺🇸 Khitans · United States
1331
+14
🇺🇸 Saxons · United States
1288
+16
🇺🇸 Goths · United States
1255
+18
🇨🇦 Varangians · Canada
1353
-18
🇨🇦 Slavs · Canada
1269
-15
🇨🇦 Saxons · Canada
1257
-15
all peacocks are the same
6:48 Loom
10:55 Feudal Age
11:23 Double-Bit Axe
16:36 Castle Age
17:30 Medium Warships
17:20 Gold Mining
19:15 Fletching
21:03 Bow Saw
22:33 Careening
24:09 Bodkin Arrow
26:17 Sanctity
26:52 Gold Shaft Mining
28:43 Forging
31:23 Horse Collar
33:06 Heavy Plow
36:31 Stone Mining
36:20 Pikeman
37:00 Squires
37:12 Clerical Recruitment
38:22 Atonement
40:15 Redemption
43:58 Imperial Age
42:17 Scale Mail Armor
43:52 Wheelbarrow
43:03 Town Watch
44:43 Chain Mail Armor
45:05 Ballistics
44:50 Bracer
45:14 Man-at-Arms
45:39 Gambesons
46:35 Long Swordsman
48:04 Conscription
47:15 Shield Wall
48:27 Plate Mail Armor
48:32 Two-Handed Swordsman
50:18 Champion
52:46 Iron Casting
53:12 Conscription
53:20 Block Printing
R3ChuukLogan
9:12 Feudal Age
13:51 Castle Age
12:46 Loom
12:52 Double-Bit Axe
12:48 Horse Collar
13:00 Gold Mining
15:08 Wheelbarrow
17:09 Scale Mail Armor
17:52 Squires
22:24 Forging
22:41 Town Watch
22:23 Man-at-Arms
23:57 Chain Mail Armor
24:50 Bow Saw
24:17 Long Swordsman
25:37 Iron Casting
26:49 Pikeman
30:49 Hand Cart
35:16 Imperial Age
35:05 Caravan
35:32 Heavy Plow
35:20 Halberdier
37:06 Blast Furnace
36:23 Two-Handed Swordsman
39:20 Champion
41:34 Stone Mining
46:32 Conscription
46:14 Perfusion
46:18 Anarchy
45:39 Elite Huskarl
BuffDuck
8:48 Loom
10:48 Feudal Age
13:07 Double-Bit Axe
15:40 Castle Age
13:54 Domestication
14:07 Gold Mining
15:07 Forging
15:47 Scale Barding Armor
20:56 Iron Casting
22:43 Chain Barding Armor
22:42 Husbandry
24:51 Pastoralism
25:10 Bow Saw
26:37 Wheelbarrow
25:47 Town Watch
28:07 Hand Cart
34:59 Imperial Age
32:41 Fletching
33:29 Bodkin Arrow
34:37 Ballistics
35:08 Heavy Camel Rider
36:27 Conscription
36:30 Ordo Cavalry
37:47 Plate Barding Armor
37:13 Bracer
38:25 Murder Holes
39:04 Town Patrol
40:09 Light Cavalry
40:10 Elite Steppe Lancer
42:33 Hussar
49:32 Siege Engineers
50:28 Chemistry
50:46 Caravan
twitch.tv/aceinspace93
8:55 Loom
11:17 Feudal Age
17:36 Castle Age
16:51 Fletching
18:11 Padded Archer Armor
18:10 Double-Bit Axe
19:06 Medium Warships
20:11 Bodkin Arrow
21:47 Leather Archer Armor
22:30 Wheelbarrow
27:56 Hand Cart
29:48 Scale Barding Armor
30:05 Bow Saw
29:37 Horse Collar
29:49 Gold Mining
30:09 Light Cavalry
31:03 Forging
32:18 Chain Barding Armor
32:11 Bloodlines
33:04 Heavy Plow
35:30 Iron Casting
36:11 Caravan
42:28 Imperial Age
40:09 Scale Mail Armor
40:11 Fishing Lines
41:28 Pikeman
43:26 Chain Mail Armor
44:12 Blast Furnace
42:36 Halberdier
44:32 Two-Man Saw
43:57 Squires
43:21 Man-at-Arms
45:34 Plate Mail Armor
44:28 Long Swordsman
45:13 Two-Handed Swordsman
50:02 Champion
toomuchdog
11:37 Feudal Age
15:24 Castle Age
14:40 Loom
15:41 Double-Bit Axe
16:58 Scale Barding Armor
17:07 Bow Saw
18:21 Bloodlines
18:11 Husbandry
18:24 Horse Collar
19:45 Heavy Plow
23:02 Gold Mining
23:39 Stone Mining
24:49 Chain Barding Armor
26:55 Wheelbarrow
27:16 Forging
28:12 Hand Cart
34:42 Imperial Age
32:23 Town Watch
33:18 Iron Casting
32:40 Vendel Legacy
35:04 Cavalier
36:22 Conscription
37:33 Plate Barding Armor
37:33 Squires
37:19 Arson
37:35 Scale Mail Armor
39:21 Chain Mail Armor
39:29 Elite Jarl
40:07 Fishing Lines
41:31 Two-Man Saw
43:23 Light Cavalry
44:58 Hussar
47:45 Blast Furnace
47:15 Plate Mail Armor
46:43 Pikeman
47:56 Plate Mail Armor
Slicked Back Not Pushed
11:31 Feudal Age
10:25 Loom
13:49 Horse Collar
14:46 Double-Bit Axe
17:54 Castle Age
21:01 Wheelbarrow
22:15 Fletching
23:28 Bodkin Arrow
26:46 Bow Saw
26:39 Heavy Plow
30:25 Gold Mining
39:49 Imperial Age
37:29 Town Watch
38:00 Hand Cart
39:42 Forging
39:34 Scale Mail Armor
39:24 Gambesons
39:39 Squires
39:28 Arson
41:21 Chain Mail Armor
41:42 Iron Casting
41:34 Man-at-Arms
42:57 Plate Mail Armor
42:31 Long Swordsman
44:26 Two-Handed Swordsman
44:48 Two-Handed Swordsman
46:13 Champion
Connection lost

Rejoining the realm…

Still unreachable

The connection could not be restored.

Session expired

The server has moved on; the page needs a fresh start.